Map: [ESL] Oceanborn

Players

XYXY (XY) - Winner!

  • Race: Terran Terran
  • Spawn Location: 5:00

Nanami

  • Race: Protoss Protoss
  • Spawn Location: 11:00

Event: ESL SC2 Masters 2024 Spring (Regional)

VOD

Have the link to the VOD?

Description

Time

  • Played on: April 16, 2024, 7:10 a.m.
  • Length: 14:39

All games in this series

Show
View Real Time Build Order
Export as new Build Order

XYXY Terran - Winner!

Build Orders: Cyclone Opening, Gas First Reaper Expand 

Get SALT Encoding   

  12  0:00  SCV  
  13  0:12  SCV  
  14  0:16  Supply Depot  
  14  0:24  SCV  
  14  0:28  Refinery  
  15  0:38  SCV  
  16  0:45  Barracks  
  16  0:50  SCV  
  17  1:02  SCV  
  18  1:14  SCV  
  19  1:32  Orbital Command, Reaper  
  20  1:41  Command Center  
  20  1:53  Factory  
  20  1:57  SCV  
  21  2:01  Refinery  
  21  2:07  Barracks Reactor  
  21  2:10  SCV  
  21  2:14  Supply Depot  
  22  2:22  SCV  
  23  2:36  SCV, Cyclone  
  26  2:44  Starport, Marine  
  26  2:45  Marine  
  26  2:48  SCV  
  29  2:55  Orbital Command  
  28  3:00  SCV  
  28  3:02  Marine  
  28  3:03  Marine  
  31  3:08  Factory Tech Lab  
  31  3:13  SCV  
  31  3:14  Orbital Command  
  32  3:20  Marine x2  
  32  3:23  Medivac  
  32  3:26  SCV  
  37  3:30  Siege Tank  
  40  3:36  Supply Depot  
  40  3:38  SCV  
  41  3:42  SCV  
  41  3:47  Marine x2  
  44  3:50  SCV, Supply Depot  
  44  3:55  SCV  
  47  4:02  SCV  
  47  4:03  Siege Tank  
  47  4:05  Marine x2  
  47  4:07  SCV  
  53  4:14  Supply Depot  
  53  4:15  SCV  
  53  4:18  Liberator  
  53  4:19  SCV  
  53  4:22  Marine  
  53  4:23  Marine  
  59  4:27  SCV  
  59  4:31  SCV  
  61  4:40  Marine x2  
  61  4:41  Command Center  
  61  4:45  Siege Tank  
  67  4:48  Supply Depot  
  67  4:49  SCV  
  67  4:51  SCV  
  68  4:58  Marine x2  
  70  5:10  SCV x2  
  72  5:16  Marine x2  
  72  5:19  Siege Tank  
  77  5:22  SCV  
  77  5:28  Supply Depot x2  
  78  5:39  SCV  
  78  5:41  SCV  
  78  5:44  Starport Tech Lab  
  78  5:47  Barracks  
  78  5:48  Barracks  
  78  5:49  Marine x2  
  80  5:51  SCV, Siege Tank  
  80  5:53  SCV  
  81  6:03  SCV, Engineering Bay  
  81  6:04  Refinery  
  81  6:05  SCV, Engineering Bay, Refinery  
  81  6:07  Marine x2  
  84  6:16  SCV  
  84  6:18  SCV  
  85  6:23  Siege Tank  
  85  6:25  Marine x2  
  90  6:28  SCV  
  90  6:31  Orbital Command  
  90  6:32  SCV, Supply Depot x2  
  91  6:40  SCV, Starport Tech Lab  
  91  6:42  Marine x2  
  91  6:45  Barracks Tech Lab  
  91  6:46  Barracks  
  94  6:47  Barracks  
  94  6:51  Terran Infantry Weapons Level 1, Terran Infantry Armor Level 1  
  94  6:55  SCV x2  
  96  7:01  SCV  
  96  7:03  Marine  
  96  7:05  Stimpack  
  98  7:12  Marine  
  98  7:13  SCV x2, Marauder, Marine  
  81  7:16  Siege Tank  
  81  7:21  SCV  
  77  7:25  SCV x2, Supply Depot  
  76  7:30  Marine x2  
  76  7:31  Starport Reactor, Marauder  
  76  7:34  Marauder  
  82  7:39  Armory, Barracks Reactor  
  82  7:40  SCV x2  
  84  7:47  Marauder  
  84  7:48  Siege Tank, Marine x2  
  84  7:49  SCV  
  84  7:50  Combat Shield  
  91  7:52  SCV, Marine  
  91  7:54  Refinery  
  91  7:55  Refinery, Marine  
  91  7:58  SCV  
  95  8:02  SCV  
  95  8:04  SCV  
  97  8:06  Marine x2  
  97  8:08  Medivac, Marine  
  97  8:09  Medivac  
  97  8:10  SCV, Marine  
  106  8:13  Marine  
  106  8:15  Supply Depot  
  106  8:16  Marine x2  
  106  8:18  SCV x2  
  106  8:19  Supply Depot  
  111  8:23  Marine  
  111  8:24  Marine  
  111  8:26  Siege Tank, Marauder  
  118  8:28  Marauder  
  118  8:31  Marauder  
  118  8:34  Marine x2  
  124  8:41  Marine  
  124  8:42  Medivac x2, Marine  
  124  8:45  Supply Depot  
  124  8:47  Marauder  
  132  8:48  Command Center  
  132  8:49  Marauder  
  132  8:52  Terran Infantry Weapons Level 2, Marine x2  
  132  8:53  Marauder  
  138  8:59  Marine x2  
  138  9:00  Barracks  
  138  9:01  Supply Depot, Barracks  
  138  9:02  Barracks  
  140  9:04  Terran Infantry Armor Level 2  
  140  9:09  Marine x2  
  141  9:10  Supply Depot  
  141  9:11  Missile Turret  
  141  9:13  Medivac x2  
  141  9:16  Marauder, Missile Turret  
  151  9:17  Marine  
  151  9:18  Marine  
  151  9:22  Siege Tank  
  153  9:25  Marauder  
  153  9:26  Marauder  
  153  9:27  Marine  
  158  9:32  Supply Depot, Marine  
  158  9:35  Marine  
  158  9:36  Ghost Academy  
  158  9:37  Marauder  
  158  9:38  Marine  
  162  9:41  Supply Depot  
  162  9:45  Marine  
  163  9:47  Marauder x2, Viking  
  163  9:48  Viking  
  171  9:57  Barracks Tech Lab x2  
  171  9:59  Marauder, Marine x2  
  175  10:02  Barracks Tech Lab  
  175  10:05  Marine x2  
  177  10:08  Marauder x2  
  181  10:17  Marine, Viking  
  181  10:18  Viking  
  181  10:20  Missile Turret  
  181  10:21  Missile Turret  
  186  10:23  Marine, Marauder x3  
  195  10:31  Sensor Tower, Marauder, Marine  
  195  10:34  Terran Ship Weapons Level 1  
  185  10:52  Medivac  
  185  10:53  Planetary Fortress  
  185  10:56  Marauder x2  
  184  11:08  Marauder x3  
  184  11:15  Marauder  
  184  11:17  Marauder  
  184  11:18  Marauder  
  183  11:19  Marine  
  183  11:20  Marine x2  
  183  11:21  Widow Mine  
  183  11:23  Terran Infantry Weapons Level 3, Terran Infantry Armor Level 3, Marine  
  183  11:24  SCV  
  184  11:29  Marauder, Marine  
  184  11:30  Marauder  
  184  11:31  Medivac  
  184  11:32  Medivac  
  192  11:37  Marine x2, Marauder  
  192  11:38  Marine  
  192  11:39  SCV x2, Missile Turret, Marauder  
  200  11:43  Sensor Tower  
  200  11:44  Marauder  
  200  11:45  Marine  
  196  11:47  Marauder  
  196  11:48  SCV  
  196  11:50  Marine x2  
  198  11:55  Marine x3  
  198  11:58  Marine  
  198  12:00  Marauder  
  182  12:03  Marine  
  182  12:05  Medivac  
  182  12:06  Marauder  
  182  12:08  Marine x3  
  187  12:12  Marine  
  187  12:15  Medivac  
  184  12:16  SCV x3  
  176  12:27  Concussive Shells, Marauder x2  
  176  12:28  Marine x3  
  179  12:34  SCV  
  179  12:35  Medivac  
  182  12:38  Command Center, Marauder  
  184  12:44  Marauder x2  
  188  12:58  Medivac  
  188  13:05  Medivac  
  188  13:09  Marauder x4  
  188  13:10  Marauder x2, Marine x4  
  172  13:27  Marine  
  172  13:30  Ghost x4, Marauder  
  181  13:45  Marauder  
  181  13:46  Marine x4  
  182  13:49  Fusion Core  
  182  13:51  Refinery  
  182  13:52  Refinery, Marauder  
  182  13:58  Ghost  
  182  13:59  Marauder x2, Marine  
  188  14:04  Marine  
  184  14:17  Marauder  
Show
View Real Time Build Order
Export as new Build Order

Nanami Protoss 

Build Orders: 1 Gate Expand, Blink Stalkers 

Get SALT Encoding   

  12  0:00  Probe  
  13  0:12  Probe  
  14  0:17  Pylon  
  14  0:24  Probe (Chrono Boost)  
  16  0:35  Gateway  
  16  0:36  Probe (Chrono Boost)  
  16  0:43  Probe (Chrono Boost)  
  16  0:45  Assimilator  
  17  0:50  Probe  
  18  1:03  Probe  
  19  1:15  Probe  
  20  1:22  Cybernetics Core  
  20  1:31  Nexus  
  20  1:33  Probe  
  21  1:41  Pylon  
  21  1:46  Assimilator  
  21  1:48  Probe  
  22  1:56  Adept (Chrono Boost)  
  22  1:59  Warp Gate  
  24  2:02  Probe  
  25  2:14  Probe  
  26  2:18  Twilight Council  
  26  2:25  Stalker (Chrono Boost)  
  26  2:26  Probe  
  29  2:39  Gateway  
  29  2:40  Probe  
  29  2:43  Probe  
  31  2:47  Blink (Chrono Boost)  
  31  2:52  Probe  
  31  2:55  Probe  
  33  3:04  Probe  
  34  3:07  Probe  
  35  3:16  Probe  
  35  3:17  Robotics Facility  
  37  3:20  Probe  
  37  3:28  Probe  
  37  3:33  Nexus  
  37  3:34  Probe  
  37  3:39  Pylon  
  37  3:40  Probe  
  38  3:46  Probe  
  38  3:47  Stalker  
  41  3:52  Stalker  
  41  3:54  Probe  
  44  3:59  Assimilator  
  44  4:01  Observer (Chrono Boost)  
  44  4:02  Probe  
  45  4:03  Pylon  
  45  4:07  Probe  
  47  4:10  Stalker  
  47  4:14  Probe  
  50  4:18  Observer (Chrono Boost)  
  50  4:19  Probe  
  50  4:20  Stalker  
  54  4:24  Gateway  
  54  4:26  Probe  
  53  4:32  Probe  
  53  4:36  Forge  
  54  4:38  Pylon, Observer  
  54  4:39  Probe (Chrono Boost)  
  57  4:48  Probe (Chrono Boost)  
  57  4:51  Probe x2 (Chrono Boost)  
  59  4:53  Gateway  
  62  5:00  Probe x2 (Chrono Boost)  
  62  5:02  Probe (Chrono Boost)  
  62  5:06  Probe (Chrono Boost)  
  64  5:08  Probe (Chrono Boost)  
  64  5:10  Protoss Ground Weapons Level 1 (Chrono Boost), Probe (Chrono Boost)  
  64  5:13  Probe  
  65  5:18  Probe  
  65  5:20  Probe  
  65  5:21  Stalker  
  69  5:23  Nexus  
  69  5:25  Probe  
  70  5:30  Pylon, Probe  
  70  5:32  Probe  
  72  5:36  Stalker x2  
  72  5:41  Immortal (Chrono Boost)  
  80  5:45  Stalker  
  82  5:51  Observer  
  82  5:52  Stalker, Shield Battery  
  82  5:53  Shield Battery  
  79  6:02  Stalker x2  
  79  6:04  Pylon  
  83  6:09  Stalker, Shield Battery  
  85  6:15  Charge (Chrono Boost)  
  85  6:17  Stalker  
  87  6:20  Gateway  
  87  6:22  Probe, Gateway  
  87  6:23  Probe x2  
  90  6:26  Stalker  
  90  6:28  Zealot  
  93  6:34  Probe  
  93  6:35  Probe  
  93  6:36  Zealot  
  97  6:40  Gateway  
  97  6:41  Zealot  
  97  6:42  Gateway  
  97  6:45  Gateway  
  102  6:49  Pylon  
  102  6:52  Zealot x2  
  103  6:56  Pylon  
  103  6:57  Pylon  
  103  7:00  Pylon  
  103  7:01  Zealot x2  
  105  7:11  Observer  
  105  7:14  Stalker x2  
  87  7:17  Stalker x2  
  87  7:20  Probe x4 (Chrono Boost)  
  87  7:22  Protoss Ground Armor Level 1 (Chrono Boost)  
  87  7:23  Stalker x2  
  91  7:32  Observer, Probe x4 (Chrono Boost)  
  91  7:34  Forge  
  91  7:35  Observer  
  95  7:39  Probe x4 (Chrono Boost)  
  100  7:46  Probe x3  
  100  7:49  Probe  
  104  7:54  Nexus  
  104  7:58  Probe x3  
  105  8:01  Probe  
  105  8:02  Protoss Ground Weapons Level 2 (Chrono Boost)  
  108  8:08  Pylon  
  108  8:10  Probe x2  
  108  8:11  Probe  
  111  8:13  Probe  
  112  8:20  Pylon  
  112  8:21  Sentry, Warp Prism (Chrono Boost)  
  112  8:22  Probe x2, Forge  
  112  8:23  Pylon, Probe  
  112  8:25  Probe  
  120  8:34  Zealot x8, Probe  
  122  8:35  Pylon, Probe x2  
  122  8:37  Probe  
  139  8:46  Probe  
  139  8:47  Shield Battery, Probe  
  141  8:50  Zealot  
  141  8:52  Pylon  
  141  8:55  Protoss Shields Level 1 (Chrono Boost)  
  143  8:59  Observer  
  143  9:00  Pylon  
  143  9:02  Nexus  
  144  9:07  Protoss Ground Armor Level 2 (Chrono Boost)  
  144  9:09  Probe x5  
  149  9:11  Zealot x3  
  149  9:12  Zealot x4  
  163  9:18  Observer  
  163  9:21  Probe x2, Gateway  
  163  9:22  Photon Cannon, Gateway  
  166  9:31  Stalker x3  
  166  9:33  Zealot x6  
  184  9:39  Observer  
  185  9:53  Pylon  
  185  9:55  Zealot x2  
  185  9:56  Zealot x2  
  185  9:58  Gateway  
  185  9:59  Sentry x2  
  197  10:00  Zealot  
  197  10:02  Gateway  
  197  10:06  Gateway  
  199  10:08  Protoss Ground Weapons Level 3 (Chrono Boost), Gateway  
  199  10:12  Pylon  
  197  10:17  Zealot  
  187  10:23  Zealot  
  187  10:24  Zealot x5  
  199  10:29  Pylon  
  186  10:43  Zealot x5  
  173  10:52  Protoss Shields Level 2 (Chrono Boost)  
  173  10:53  Zealot  
  173  10:54  Zealot x6  
  177  11:01  Zealot x2  
  165  11:05  Zealot  
  165  11:06  Zealot x3  
  149  11:20  Zealot x7  
  139  11:26  Stalker x7  
  139  11:27  Stalker  
  139  11:40  Stalker x2  
  139  11:41  Zealot x4, Stalker  
  145  11:49  Zealot x7  
  145  11:50  Zealot  
  119  12:02  Zealot x4  
  119  12:04  Zealot x3  
  133  12:10  Zealot x6  
  133  12:11  Zealot  
  133  12:14  Zealot  
  115  12:25  Zealot, Stalker x3  
  115  12:26  Zealot x3  
  115  12:32  Zealot x2  
  115  12:33  Zealot x5  
  115  12:36  Zealot  
  127  12:42  Nexus  
  127  12:47  Zealot x4  
  127  12:48  Zealot x3  
  127  12:51  Nexus  
  141  12:54  Stalker x2  
  141  12:55  Zealot x5  
  152  12:58  Zealot  
  141  13:09  Zealot x7  
  115  13:19  Zealot x8  
  113  13:30  Zealot x5  
  117  13:50  Zealot x3  
  117  13:51  Zealot x10  
  117  13:52  Sentry  
  135  13:57  Nexus  
  135  14:04  Zealot  
  129  14:14  Zealot x6  
  129  14:15  Stalker x2  
  137  14:20  Zealot x2  
  95  14:24  Zealot x2  
  95  14:30  Zealot x2  
Tags
 
Add a new tag
Caveats
  • Supply blocks, unpowered buildings, or Contaminate may cause inaccurate times.
  • Supply counts are checked every 10 seconds.